 Dungeon Sprint DCSS version 0.23.0 (webtiles) character file.

Game seed: 6091590998958708419

563200000 Fang the Conqueror (level 27, 280/323 HPs)
             Began as a Demonspawn Gladiator on Feb 13, 2019.
             Was the Champion of Makhleb.
             Escaped with the Orb!
             The game lasted 00:24:22 (2816 turns).

Fang the Conqueror (Demonspawn Gladiator)           Turns: 2816, Time: 00:24:22

Health: 280/323    AC: 27    Str: 25    XL:     27
Magic:  54/54      EV: 28    Int: 12    God:    Makhleb [******]
Gold:   0          SH:  0    Dex: 15    Spells: 80/80 levels left

rFire    + . .     SeeInvis +   l - +∞ Axe of Woe
rCold    + . .     Gourm    .   (shield currently unavailable)
rNeg     + . .     Faith    .   x - +1 pearl dragon scales
rPois    .         Spirit   .   (helmet unavailable)
rElec    .         Reflect  .   (no cloak)
rCorr    .         Harm     .   (no gloves)
MR       ++...     NoTele   +   (no boots)
Stlth    ++++......             (no amulet)
HPRegen  0.63/turn              v - ring of protection from fire
MPRegen  0.34/turn              u - +27000 ring of slaying

@: no status effects
A: antennae 3, icy blue scales 3, demonic guardian 3, nightstalker 3, robust 3
0: Orb of Zot
a: Minor Destruction, Lesser Servant of Makhleb, Major Destruction, Greater
Servant of Makhleb, Renounce Religion


You escaped.
You worshipped Makhleb.
Makhleb was exalted by your worship.
You were not hungry.

You visited 1 branch

Inventory:

Hand Weapons
 a - a +0 war axe
 l - the +∞ Axe of Woe (weapon)
   (You found it in the Dungeon)
Missiles
 d - 3 throwing nets (quivered)
Armour
 b - a +0 leather armour
 c - a +0 helmet
 x - +1 pearl dragon scales (worn)
Jewellery
 m - a +30 ring of slaying
 n - a +30 ring of slaying
 o - a +30 ring of slaying
 p - a +30 ring of slaying
 q - a +30 ring of slaying
 r - a +200 ring of slaying
 s - a +30 ring of slaying
 t - a +30 ring of slaying
 u - a +27000 ring of slaying (right hand)
 v - a ring of protection from fire (left hand)
Scrolls
 k - a scroll of blinking
Potions
 e - a potion of curing
 g - a potion of heal wounds
 h - a potion of haste
 i - 2 potions of magic
 j - a potion of berserk rage


   Skills:
 O Level 27 Fighting
 O Level 27 Short Blades
 O Level 27 Long Blades
 O Level 27 Axes
 O Level 27 Maces & Flails
 O Level 27 Polearms
 O Level 27 Staves
 O Level 27 Slings
 O Level 27 Bows
 O Level 27 Crossbows
 O Level 27 Throwing
 O Level 27 Armour
 O Level 27 Dodging
 O Level 27 Stealth
 O Level 27 Shields
 O Level 27 Unarmed Combat
 O Level 27 Spellcasting
 O Level 27 Conjurations
 O Level 27 Hexes
 O Level 27 Charms
 O Level 27 Summonings
 O Level 27 Necromancy
 O Level 27 Translocations
 O Level 27 Transmutations
 O Level 27 Fire Magic
 O Level 27 Ice Magic
 O Level 27 Air Magic
 O Level 27 Earth Magic
 O Level 27 Poison Magic
 O Level 27 Invocations
 O Level 27 Evocations


You had 80 spell levels left.
You didn't know any spells.
Your spell library was empty.

Dungeon Overview and Level Annotations

Branches:
Dungeon (1/1)

Altars:
Makhleb


Innate Abilities, Weirdness & Mutations

You have a pair of large antennae on your head. (SInv)
You are completely covered in icy blue scales. (AC +4, rC+)
A powerful demonic guardian rushes to your aid.
You are completely attuned to the shadows.
You are extremely robust. (+30% HP)


Message History

Makhleb accepts your kill.
You feel better.
The starcursed mass dissolves into shadows! x5
You hear a shout! x3
You hear a shout! x4
You hear a shout!
You hear a shout! x2
You hear a shout!
You hear a shout!
You hear a shout!
You hear a shout! x2
You hear a shout! x2
You hear a shout! x4
There is a staircase leading out of the dungeon here.
Items here: )) == a +9 war axe; a +30 ring of slaying; a +9 war axe; a +30 ring of slaying You hear a shout! x3
There is a staircase leading out of the dungeon here.
You hear a shout! x3
You have escaped!

................).))[.........)))
..#..............)))))..))....))#
...#........#....)).#.).))..).)).
......#.....#.......#.))))......#
)).#......###.......###........))
.........).....###.............##
.......#........_................
.....#.......#....)#.......#.#...
###......).).#_.@)_#....)........
#....#.......#....)#......#.#.#).
.......#........_...).........)..
...............###)........#.#.#.
).........###....)..###....)...).
)...........#...)...#............
))..........#(.[[.))#............
)).#...........[.................
.)#.#.#....)[....).)....#...#....


There were no monsters in sight!

Vanquished Creatures
  146 orcs (D)
  3 seraphim (D)
  9 pandemonium lords (D)
  A profane servitor (D)
  3 Tzitzimimeh (D)
  A Brimstone Fiend (D)
  A lich (D)
  2 Ice Fiends (D)
  14 Orb Guardians (D)
  4 Executioners (D)
  2 daevas (D)
  4 balrugs (D)
  A warmonger (D)
  2 cacodemons (D)
  3 angels (D)
  2 blood saints (D)
  A reaper (D)
  2 lorocyprocas (D)
  A black sun (D)
  2 blizzard demons (D)
  A green death (D)
  A great orb of eyes (D)
  A hell beast (D)
  A monstrous demonspawn (D)
  6 hell hogs (D)
  3 soul eaters (D)
  4 sun demons (D)
  3 cherubim (D)
  4 shadow demons (D)
  A glowing orange brain (D)
  2 torturous demonspawn (D)
  A toenail golem (D)
  5 rust devils (D)
  3 smoke demons (D)
  A demonic crawler (D)
  7 orange demons (D)
  2 hellions (D)
  An efreet (D)
  2 tormentors (D)
  An ice devil (D)
  A hellwing (D)
  3 red devils (D)
  10 large abominations (D)
  10 golden eyes (D)
  A chaos spawn (D)
  3 hell hounds (D)
  A small abomination (D)
  A white imp (D)
  4 ball lightnings (D)
  Dispater (D)
  4 vampire knights (D)
  24 ogres (D)
  6 two-headed ogres (D)
323 creatures vanquished.

Vanquished Creatures (collateral kills)
  A demonic crawler (D)
  A golden eye (D)
2 creatures vanquished.

Vanquished Creatures (others)
  3 ball lightnings (D)
3 creatures vanquished.

Grand Total: 328 creatures vanquished

Notes
Turn   | Place    | Note
-------+----------+-------------------------------------------
     0 | D        | Found the +∞ Axe of Woe
     0 | D        | Fang the Demonspawn Gladiator began the quest for the Orb.
     0 | D        | Reached XP level 1. HP: 16/16 MP: 1/1
     4 | D        | Became a worshipper of Makhleb the Destroyer
     5 | D        | Noticed a bag of meat
     6 | D        | Noticed a bag of meat
     6 | D        | Noticed a bag of meat
     8 | D        | Noticed a bag of meat
     9 | D        | Noticed a meat berserker
    11 | D        | Killed a bag of meat
    11 | D        | Gained mutation: You have a pair of small antennae on your
                  | head. [demonic ancestry]
    11 | D        | Reached XP level 2. HP: 43/43 MP: 2/2
    11 | D        | Gained mutation: A weak demonic guardian rushes to your
                  | aid. [demonic ancestry]
    11 | D        | Reached XP level 3. HP: 49/49 MP: 3/3
    11 | D        | Reached XP level 4. HP: 56/56 MP: 4/4
    11 | D        | Gained mutation: You are partially covered in icy blue
                  | scales. (AC +2) [demonic ancestry]
    11 | D        | Reached XP level 5. HP: 62/62 MP: 5/5
    11 | D        | Reached XP level 6. HP: 69/69 MP: 6/6
    11 | D        | Reached XP level 7. HP: 75/75 MP: 7/7
    11 | D        | Reached XP level 8. HP: 82/82 MP: 8/8
    11 | D        | Gained mutation: You have a pair of antennae on your head.
                  | [demonic ancestry]
    11 | D        | Reached XP level 9. HP: 88/88 MP: 9/9
    11 | D        | Reached XP level 10. HP: 95/95 MP: 10/10
    11 | D        | Reached XP level 11. HP: 101/101 MP: 11/11
    12 | D        | Killed a bag of meat
    12 | D        | Reached skill level 15 in Axes
    12 | D        | Reached skill level 15 in Throwing
    12 | D        | Reached skill level 15 in Dodging
    12 | D        | Reached XP level 12. HP: 86/113 MP: 12/12
    12 | D        | Killed a bag of meat
    12 | D        | Reached * piety under Makhleb
    12 | D        | Reached XP level 13. HP: 122/122 MP: 13/13
    12 | D        | Killed a bag of meat
    12 | D        | Gained mutation: You are slightly more attuned to the
                  | shadows. [demonic ancestry]
    12 | D        | Reached XP level 14. HP: 133/133 MP: 14/14
    13 | D        | Killed a meat berserker
    13 | D        | Reached ** piety under Makhleb
    13 | D        | Gained mutation: You are mostly covered in icy blue scales.
                  | (AC +3) [demonic ancestry]
    13 | D        | Reached XP level 15. HP: 144/144 MP: 15/15
    20 | D        | Noticed a meat berserker
    22 | D        | Reached *** piety under Makhleb
    22 | D        | Reached XP level 16. HP: 157/157 MP: 16/16
    23 | D        | Killed a meat berserker
    23 | D        | Reached **** piety under Makhleb
    23 | D        | Gained mutation: You are significantly more attuned to the
                  | shadows. [demonic ancestry]
    23 | D        | Reached XP level 17. HP: 171/171 MP: 17/17
    24 | D        | Noticed a meat berserker
    26 | D        | Reached skill level 27 in Fighting
    27 | D        | Gained mutation: You are robust. (+10% HP) [demonic
                  | ancestry]
    27 | D        | Reached XP level 18. HP: 174/200 MP: 18/18
    27 | D        | Reached ***** piety under Makhleb
    27 | D        | Reached skill level 27 in Axes
    27 | D        | Reached skill level 27 in Throwing
    27 | D        | Reached skill level 27 in Dodging
    27 | D        | Reached skill level 5 in Armour
    27 | D        | Reached skill level 5 in Unarmed Combat
    27 | D        | Reached skill level 5 in Spellcasting
    27 | D        | Killed a meat berserker
    27 | D        | Reached skill level 10 in Armour
    27 | D        | Reached skill level 10 in Unarmed Combat
    27 | D        | Reached skill level 10 in Spellcasting
    27 | D        | Gained mutation: You have a pair of large antennae on your
                  | head. (SInv) [demonic ancestry]
    27 | D        | Reached XP level 19. HP: 207/207 MP: 18/33
    29 | D        | Noticed a meat berserker
    32 | D        | Killed a meat berserker
    32 | D        | Reached skill level 15 in Armour
    32 | D        | Reached skill level 15 in Unarmed Combat
    32 | D        | Reached skill level 15 in Spellcasting
    35 | D        | Reached XP level 20. HP: 216/216 MP: 19/41
    35 | D        | Noticed a meat berserker
    36 | D        | Noticed a meat berserker
    38 | D        | Noticed a large bag of meat
    39 | D        | Killed a meat berserker
    39 | D        | Reached ****** piety under Makhleb
    41 | D        | Reached skill level 27 in Invocations
    41 | D        | Gained mutation: You are very robust. (+20% HP) [demonic
                  | ancestry]
    41 | D        | Reached XP level 21. HP: 216/244 MP: 20/46
    43 | D        | Gained mutation: You are completely covered in icy blue
                  | scales. (AC +4, rC+) [demonic ancestry]
    43 | D        | Reached XP level 22. HP: 254/254 MP: 21/50
    44 | D        | Killed a large bag of meat
    44 | D        | Reached skill level 27 in Stealth
    45 | D        | Reached skill level 27 in Armour
    45 | D        | Reached skill level 27 in Unarmed Combat
    45 | D        | Reached skill level 27 in Spellcasting
    48 | D        | Gained mutation: You are extremely robust. (+30% HP)
                  | [demonic ancestry]
    48 | D        | Reached XP level 23. HP: 254/284 MP: 22/54
    53 | D        | Noticed a large bag of meat
    56 | D        | Noticed a destroyer
    57 | D        | Killed a large bag of meat
    57 | D        | Gained mutation: A demonic guardian rushes to your aid.
                  | [demonic ancestry]
    57 | D        | Reached XP level 24. HP: 225/295 MP: 25/54
    58 | D        | Noticed a destroyer
    60 | D        | Killed a destroyer
    60 | D        | Killed a destroyer
    60 | D        | Gained mutation: You are completely attuned to the shadows.
                  | [demonic ancestry]
    60 | D        | Reached XP level 25. HP: 304/304 MP: 26/54
    65 | D        | Reached XP level 26. HP: 314/314 MP: 27/54
    79 | D        | Gained mutation: A powerful demonic guardian rushes to your
                  | aid. [demonic ancestry]
    79 | D        | Reached XP level 27. HP: 323/323 MP: 31/54
   117 | D        | Noticed a destroyer
   126 | D        | Killed a destroyer
   152 | D        | Noticed a large bag of meat
   156 | D        | Noticed a large bag of meat
   158 | D        | Killed a large bag of meat
   161 | D        | Killed a large bag of meat
   222 | D        | Noticed a destroyer
   231 | D        | Killed a destroyer
   231 | D        | Noticed a large bag of meat
   234 | D        | Killed a large bag of meat
   273 | D        | Noticed a large bag of meat
   276 | D        | Killed a large bag of meat
   749 | D        | Noticed The Meatlord
   753 | D        | Killed The Meatlord
   755 | D        | Got the Orb of Zot
   984 | D        | Noticed Oxkuv the pandemonium lord
   988 | D        | Killed Oxkuv the pandemonium lord
  1079 | D        | Noticed Hiel the pandemonium lord
  1081 | D        | Killed Hiel the pandemonium lord
  1096 | D        | Reached skill level 27 in Short Blades
  1096 | D        | Reached skill level 27 in Long Blades
  1096 | D        | Reached skill level 27 in Maces & Flails
  1096 | D        | Reached skill level 27 in Polearms
  1096 | D        | Reached skill level 27 in Staves
  1096 | D        | Reached skill level 27 in Slings
  1096 | D        | Reached skill level 27 in Bows
  1096 | D        | Reached skill level 27 in Crossbows
  1096 | D        | Reached skill level 27 in Shields
  1096 | D        | Reached skill level 27 in Conjurations
  1096 | D        | Reached skill level 27 in Hexes
  1096 | D        | Reached skill level 27 in Charms
  1096 | D        | Reached skill level 27 in Summonings
  1096 | D        | Reached skill level 27 in Necromancy
  1096 | D        | Reached skill level 27 in Translocations
  1096 | D        | Reached skill level 27 in Transmutations
  1096 | D        | Reached skill level 27 in Fire Magic
  1096 | D        | Reached skill level 27 in Ice Magic
  1096 | D        | Reached skill level 27 in Air Magic
  1096 | D        | Reached skill level 27 in Earth Magic
  1096 | D        | Reached skill level 27 in Poison Magic
  1096 | D        | Reached skill level 27 in Evocations
  1230 | D        | Noticed Juebun the pandemonium lord
  1235 | D        | Killed Juebun the pandemonium lord
  1530 | D        | Noticed a seraph
  1530 | D        | Killed a seraph
  1685 | D        | Noticed a seraph
  1690 | D        | Killed a seraph
  1869 | D        | Noticed a seraph
  1874 | D        | Killed a seraph
  1978 | D        | Noticed Ynobim the pandemonium lord
  1984 | D        | Killed Ynobim the pandemonium lord
  1988 | D        | Noticed Jolem the pandemonium lord
  1991 | D        | Killed Jolem the pandemonium lord
  2115 | D        | Noticed Razec the pandemonium lord
  2120 | D        | Killed Razec the pandemonium lord
  2268 | D        | Noticed Xottys the pandemonium lord
  2271 | D        | Killed Xottys the pandemonium lord
  2388 | D        | Noticed Viotapt the pandemonium lord
  2390 | D        | Killed Viotapt the pandemonium lord
  2598 | D        | Noticed Unuiwn the pandemonium lord
  2601 | D        | Killed Unuiwn the pandemonium lord
  2762 | D        | Paralysed by fainting for 5 turns
  2816 | D        | Escaped with the Orb!

Skill      XL: |  1  2  3  4  5  6  7  8  9 10 11 12 13 14 15 16 17 18 19 20 21 22 23 24 25 26 27 |
---------------+----------------------------------------------------------------------------------+-----
Fighting       | 14 16 18 19 21 23 26 27 | 27.0
Axes           | 13 15 17 18 19 22 24 26 27 | 27.0
Throwing       | 13 15 16 18 19 21 24 26 27 | 27.0
Dodging        | 13 15 17 18 19 22 24 26 27 | 27.0
Armour         | 10 17 21 24 27 | 27.0
Stealth        | 11 18 22 26 27 | 27.0
Unarmed Combat | 10 17 21 24 27 | 27.0
Spellcasting   | 10 17 21 24 27 | 27.0
Invocations    | 14 22 27 | 27.0
Short Blades   | 27 | 27.0
Long Blades    | 27 | 27.0
Maces & Flails | 27 | 27.0
Polearms       | 27 | 27.0
Staves         | 27 | 27.0
Slings         | 27 | 27.0
Bows           | 27 | 27.0
Crossbows      | 27 | 27.0
Shields        | 27 | 27.0
Conjurations   | 27 | 27.0
Hexes          | 27 | 27.0
Charms         | 27 | 27.0
Summonings     | 27 | 27.0
Necromancy     | 27 | 27.0
Translocations | 27 | 27.0
Transmutations | 27 | 27.0
Fire Magic     | 27 | 27.0
Ice Magic      | 27 | 27.0
Air Magic      | 27 | 27.0
Earth Magic    | 27 | 27.0
Poison Magic   | 27 | 27.0
Evocations     | 27 | 27.0

Action                   |  1- 3 |  4- 6 |  7- 9 | 10-12 | 13-15 | 16-18 | 19-21 | 22-24 | 25-27 || total
-------------------------+-------+-------+-------+-------+-------+-------+-------+-------+-------++-------
Melee: Executioner's axe |     1 |       |       |     1 |     3 |     4 |    10 |     8 |   206 ||   233
 Stab: Distracted        |       |       |       |       |       |       |       |       |     9 ||     9
  Eat: Chunk             |       |       |       |       |       |       |       |       |     3 ||     3
       Ration            |       |       |       |       |       |       |       |       |     1 ||     1
Armor: Leather armour    |       |       |       |       |     1 |       |       |       |     8 ||     9
       Pearl dragon scal |       |       |       |       |       |       |       |       |    29 ||    29
Dodge: Dodged            |       |       |       |     2 |     1 |       |     2 |     3 |   113 ||   121
